 Dungeon Crawl Stone Soup version 0.28.0-49-g6dfe1f597d (webtiles) character file.

Game seed: 1490145446977711526

44 Zeld the Gusty (level 3, 0/20 HPs)
             Began as a Tengu Air Elementalist on May 17, 2022.
             Slain by an adder (3 damage)
             ... on level 2 of the Dungeon.
             The game lasted 00:05:24 (1550 turns).

Zeld the Gusty (Tengu Air Elementalist)             Turns: 1550, Time: 00:05:24

Health: 0/20       AC:  2    Str:  8    XL:     3   Next: 62%
Magic:  1/7        EV: 12    Int: 17    God:
Gold:   15         SH:  0    Dex: 14    Spells: 0/6 levels left

rFire   . . .      SeeInvis .   (no weapon)
rCold   . . .      Faith    .   (no shield)
rNeg    . . .      Spirit   .   a - +0 robe
rPois   .          Reflect  .   (helmet restricted)
rElec   .          Harm     .   (no cloak)
rCorr   .          Rampage  .   (no gloves)
Will    .....                   (boots unavailable)
Stlth   ++........              (no amulet)
HPRegen 0.06/turn               (no ring)
MPRegen 0.10/turn               (no ring)

@: lethally poisoned (0 -> -4)
A: beak, talons 3
a: no special abilities


You were on level 2 of the Dungeon.
You visited 1 branch of the dungeon, and saw 2 of its levels.

You collected 15 gold pieces.

Inventory:

Armour
 a - a +0 robe (worn)
Scrolls
 b - a scroll of vulnerability {unknown}
 d - a scroll of noise {unknown}
 e - 3 scrolls of identify {unknown}
 g - a scroll of immolation {unknown}
 h - a scroll of fear {unknown}
 i - a scroll of teleportation {unknown}
Potions
 c - a potion of haste {unknown}
 f - 2 potions of heal wounds {unknown}


   Skills:
 * Level 1.2 Fighting
 + Level 2.4 Dodging
 + Level 2.3 Stealth
 * Level 2.4 Spellcasting
 + Level 1.9 Conjurations
 * Level 4.4 Air Magic


You couldn't memorise any spells.
You knew the following spells:

 Your Spells              Type           Power      Damage    Failure   Level
a - Shock                 Conj/Air       52%        1d6       4%          1
b - Static Discharge      Conj/Air       13%        N/A       8%          2
c - Swiftness             Air            17%        N/A       9%          3

Your spell library contained the following spells:

 Spells                   Type           Power      Damage    Failure   Level
 Airstrike                Air            8%         N/A       28%         4
 Frozen Ramparts          Ice            4%         1d2       50%         3
 Ice Form                 Ice/Tmut       2%         N/A       88%         4
 Summon Ice Beast         Ice/Summ       2%         N/A       88%         4


Dungeon Overview and Level Annotations

Branches:
Dungeon (2/15)

Altars:


Innate Abilities, Weirdness & Mutations

You have a beak for a mouth.
You have claws for feet.


Message History

The zap misses the adder.
You feel sick. The adder completely misses you. The adder barely misses you.
Unknown command.
Found a scroll labelled VOAHUO BATESOPN.
You feel sick.
You are no longer poisoned.
The adder bites you but does no damage.
Your magical contamination has completely faded away.
The adder bites you but does no damage. The adder misses you.
The adder barely misses you. The adder bites you.
* * * LOW HITPOINT WARNING * * *
The adder bites you.
* * * LOW HITPOINT WARNING * * *
You are lethally poisoned!
The adder poisons you!
Casting: Shock (safe; 4% risk of failure)
Confirm with . or Enter, or press ? or * to list all spells.
Aiming: Shock (safe; 4% risk of failure)
Press: ? - help, Shift-Dir - straight line, f/p - adder
Aim: an adder (moderately wounded, 48% to hit)
That beam is likely to hit you.
Continue anyway?
Okay, then.
Casting: Shock (safe; 4% risk of failure)
Confirm with . or Enter, or press ? or * to list all spells.
Aiming: Shock (safe; 4% risk of failure)
Press: ? - help, Shift-Dir - straight line, f/p - adder
Aim: an adder (moderately wounded, 48% to hit)
That beam is likely to hit you.
Continue anyway?
Okay, then.
Casting: Shock (safe; 4% risk of failure)
Confirm with . or Enter, or press ? or * to list all spells.
Aiming: Shock (safe; 4% risk of failure)
Press: ? - help, Shift-Dir - straight line, p - adder The zap hits the adder.
The adder is heavily wounded.
* * * LOW HITPOINT WARNING * * *
You feel sick. The adder bites you.
You die...

...#. ........ .. #....
...? ..# .# #...
##...##.###.###(
###†.##.. ...#.......
......#.# #.........
#####..†.#####.........
.......†.....$.#.......
#####.S.).............
.#####@##..###...(.....
#.......................
######.##........#..##.#
#..[....(.........(# .
†.....##........##..#
.##### #......#.. ...
#####......†.. ....
#.............
#.............


You could see an adder.

Vanquished Creatures
  2 dart slugs (D:1)
  2 bats (D:1)
  4 endoplasms
  2 giant cockroaches (D:1)
  4 goblins
  2 hobgoblins (D:1)
  6 jackals (D:2)
  A quokka (D:1)
  2 ball pythons (D:1)
  3 frilled lizards (D:1)
  4 kobolds (D:1)
  4 rats
36 creatures vanquished.

Vanquished Creatures (others)
  3 plants (D:1)
  4 toadstools (D:1)
7 creatures vanquished.

Grand Total: 43 creatures vanquished

Notes
Turn   | Place    | Note
-------+----------+-------------------------------------------
     0 | D:1      | Zeld the Tengu Air Elementalist began the quest for the
                  | Orb.
     0 | D:1      | Reached XP level 1. HP: 10/10 MP: 4/4
   494 | D:1      | Reached XP level 2. HP: 16/16 MP: 3/6
   559 | D:1      | Learned a level 2 spell: Static Discharge
   922 | D:1      | Found a faded altar of an unknown god.
  1002 | D:1      | Reached skill level 1 in Fighting
  1033 | D:1      | Reached XP level 3. HP: 20/20 MP: 4/7
  1037 | D:1      | Learned a level 3 spell: Swiftness
  1550 | D:2      | Slain by an adder

Illustrated notes

Levels and vault maps discovered:
D:1:      ldierk_walled_garden_2, layout_rooms,
          hellmonk_ecumenical_altar_run_dry
D:2:      layout_rooms, basic_altar

Skill      XL: |  1  2 |
---------------+-------+-----
Fighting       | 1 |  1.2
Dodging        | |  2.4
Stealth        | |  2.3
Spellcasting   | |  2.4
Conjurations   | |  1.9
Air Magic      | |  4.4

Action                   || total
-------------------------++-------
Melee: Unarmed           ||    30
       Kick              ||     7
       Punch             ||     3
       Peck              ||     3
 Cast: Shock             ||    74
Armor: Robe              ||    10
Dodge: Dodged            ||    33
